AoeStats
← cold1a

Arena

509986838Analyzed
4v4 RM · 2d ago on Sep 28, 2026· 81m 8s· 8 players
Game mode
Random Map
Map size
Large (8 player)
Population
200
Speed
Normal
Resources
Standard
Victory
Conquest
Starting age
Dark Age
Ending age
Imperial Age
RankedLock teamsTeams togetherTeam positionsShared explorationLock speedFull tech treeHidden civsTurbo modeCheats
Victory
Defeat
🇫🇷 Turks · France
975
+16
🇦🇷 Ethiopians · Argentina
971
+16
🇹🇷 Koreans · Türkiye
955
+17
🇨🇴 Mongols · Colombia
940
+18
🇹🇷 Chinese · Türkiye
1026
-19
🇬🇧 Japanese · United Kingdom
1020
-19
🇳🇿 Vietnamese · New Zealand
994
-17
🇧🇷 Teutons · Brazil
864
-12
Lancelot_
9:49 Feudal Age
14:45 Castle Age
13:02 Double-Bit Axe
13:04 Horse Collar
14:27 Loom
17:06 Bow Saw
17:13 Heavy Plow
21:46 Wheelbarrow
21:31 Town Watch
23:35 Hand Cart
28:01 Fletching
28:11 Padded Archer Armor
28:27 Stone Mining
31:52 Imperial Age
29:39 Leather Archer Armor
29:20 Bodkin Arrow
29:58 Gold Mining
30:45 Stone Shaft Mining
31:17 Gold Shaft Mining
31:10 Ballistics
31:20 Husbandry
31:33 Bloodlines
30:46 Light Cavalry
32:06 Forging
32:35 Scale Barding Armor
33:31 Iron Casting
33:36 Conscription
33:17 Hussar
35:54 Chemistry
35:28 Elite Mangudai
39:16 Drill
38:56 Nomads
41:15 Blast Furnace
41:37 Chain Barding Armor
49:29 Scale Mail Armor
49:30 Bracer
50:47 Chain Mail Armor
51:59 Cavalier
54:02 Caravan
54:32 Coinage
57:03 Banking
57:05 Plate Mail Armor
francis le tueur
12:02 Feudal Age
14:19 Double-Bit Axe
14:18 Horse Collar
14:29 Gold Mining
17:16 Castle Age
21:21 Imperial Age
19:22 Padded Archer Armor
20:18 Leather Archer Armor
22:41 Ring Archer Armor
29:38 Ballistics
35:55 Forging
35:46 Scale Mail Armor
36:56 Squires
36:42 Arson
37:38 Iron Casting
37:33 Chain Mail Armor
40:56 Wheelbarrow
40:35 Bow Saw
40:27 Heavy Plow
41:04 Gold Shaft Mining
40:26 Stone Mining
42:55 Blast Furnace
43:21 Plate Mail Armor
56:21 Caravan
65:01 Treadmill Crane
SongForBob
8:36 Loom
12:11 Feudal Age
18:04 Castle Age
16:23 Double-Bit Axe
16:19 Horse Collar
18:35 Forging
18:25 Scale Mail Armor
20:13 Wheelbarrow
20:24 Fletching
21:07 Crossbowman
22:09 Pikeman
24:24 Bow Saw
25:42 Heavy Plow
31:42 Imperial Age
30:17 Gold Mining
30:17 Stone Mining
30:47 Hand Cart
33:08 Conscription
33:53 Chemistry
32:23 Halberdier
33:44 Bodkin Arrow
34:26 Squires
34:11 Arson
36:03 Iron Casting
35:43 Chain Mail Armor
36:31 Chain Mail Armor
36:55 Gold Shaft Mining
36:57 Stone Shaft Mining
36:59 Elite Skirmisher
38:25 Plate Mail Armor
40:08 Light Cavalry
41:59 Hussar
43:11 Thumb Ring
43:39 Husbandry
45:37 Scale Barding Armor
45:34 Bracer
46:41 Chain Barding Armor
64:14 Capped Ram
66:32 Elite War Wagon
69:25 Ballistics
68:56 Heated Shot
69:18 Masonry
72:10 Town Watch
73:40 Heavy Cavalry Archer
Santy20
0:37 Loom
11:58 Feudal Age
13:47 Horse Collar
13:58 Gold Mining
14:00 Stone Mining
13:56 Double-Bit Axe
20:03 Castle Age
21:19 Gold Shaft Mining
20:55 Bow Saw
26:58 Wheelbarrow
26:08 Town Watch
27:42 Masonry
29:26 Hand Cart
29:11 Town Patrol
29:57 Town Patrol
34:34 Imperial Age
34:41 Heavy Scorpion
38:33 Chemistry
37:40 Siege Engineers
37:46 Fortified Wall
38:07 Architecture
59:23 Capped Ram
68:53 Torsion Engines
73:52 Two-Man Saw
76:14 Ballistics
LiMe86
11:31 Loom
14:23 Feudal Age
15:15 Horse Collar
15:22 Double-Bit Axe
21:20 Castle Age
20:18 Stone Mining
20:23 Gold Mining
20:37 Scale Mail Armor
21:34 Wheelbarrow
21:18 Forging
21:01 Arson
22:25 Heavy Plow
22:36 Bow Saw
23:14 Wheelbarrow
23:03 Chain Mail Armor
24:24 Iron Casting
24:28 Gold Shaft Mining
26:01 Hand Cart
30:57 Imperial Age
29:57 Squires
30:42 Town Watch
32:32 Conscription
32:46 Plate Mail Armor
33:17 Blast Furnace
34:25 Elite Samurai
41:19 Bloodlines
41:17 Heavy Scorpion
46:34 Two-Man Saw
48:14 Ballistics
48:55 Chemistry
80:45 Fletching
80:55 Padded Archer Armor
80:17 Elite Skirmisher
81:05 Thumb Ring
80:49 Pikeman
Toupeira_92
11:26 Feudal Age
12:50 Wheelbarrow
17:50 Castle Age
17:14 Horse Collar
20:19 Bloodlines
20:34 Stone Mining
23:40 Stone Shaft Mining
26:07 Heavy Plow
27:43 Double-Bit Axe
28:35 Gold Mining
29:50 Bow Saw
30:14 Fortified Wall
31:24 Hand Cart
31:52 Scale Barding Armor
38:57 Imperial Age
39:01 Chain Barding Armor
38:53 Forging
39:03 Cavalier
40:06 Conscription
40:24 Plate Barding Armor
41:47 Crop Rotation
42:19 Two-Man Saw
41:28 Onager
44:04 Siege Onager
45:45 Elite Teutonic Knight
46:46 Crenellations
47:59 Paladin
50:49 Iron Casting
51:16 Paladin
55:42 Squires
55:28 Arson
58:50 Blast Furnace
57:50 Scale Mail Armor
75:56 Capped Ram
cold1a
0:39 Loom
11:14 Feudal Age
15:33 Castle Age
13:52 Double-Bit Axe
14:43 Horse Collar
20:06 Town Watch
20:40 Bow Saw
20:39 Heavy Plow
21:39 Wheelbarrow
24:50 Stone Mining
24:50 Gold Mining
cheesyspudfries
10:51 Feudal Age
11:46 Double-Bit Axe
14:52 Castle Age
14:39 Horse Collar
15:56 Bow Saw
16:34 Wheelbarrow
21:20 Heavy Plow
21:16 Gold Mining
22:16 Hand Cart
23:13 Stone Mining
24:09 Loom
25:54 Stone Shaft Mining
28:02 Imperial Age
27:05 Scale Barding Armor
27:10 Forging
27:32 Husbandry
27:42 Bloodlines
29:50 Chemistry
28:14 Elite Battle Elephant
29:18 Chain Barding Armor
29:36 Iron Casting
31:21 Plate Barding Armor
30:11 Light Cavalry
35:39 Chatras
41:21 Elite Skirmisher
42:18 Padded Archer Armor
42:12 Fletching
42:52 Imperial Skirmisher
45:48 Leather Archer Armor
45:31 Bodkin Arrow
46:43 Two-Man Saw
46:15 Crop Rotation
49:02 Thumb Ring
54:17 Caravan
Connection lost

Rejoining the realm…

Still unreachable

The connection could not be restored.

Session expired

The server has moved on; the page needs a fresh start.